 Dungeon Crawl Stone Soup version 0.31-a0-233-g139696dc86 (webtiles) character file.

Game seed: 1178911036466439896

39 garrulousMonolith the Firebug (level 3, -2/27 HPs)
             Began as a Draconian Fire Elementalist on July 10, 2023.
             Slain by a gnoll
             ... wielding a +2 whip of venom
              (5 damage)
             ... on level 2 of the Dungeon.
             The game lasted 00:01:46 (1239 turns).

garrulousMonolith the Firebug (DrFE)                Turns: 1239, Time: 00:01:47

Health: -2/27      AC:  5    Str: 10    XL:     3   Next: 28%
Magic:  2/6        EV: 12    Int: 17    God:
Gold:   82         SH:  5    Dex: 11    Spells: 3/6 levels left

rFire   . . .        h - +0 dagger
rCold   . . .        (no shield)
rNeg    . . .        (body armour unavailable)
rPois   +            (helmet restricted)
rElec   .            (no cloak)
rCorr   .            (no gloves)
SInv    .            (no boots)
Will    +....        g - amulet of reflection
Stlth   ++           (no ring)
HPRegen 0.24/turn    (no ring)
MPRegen 0.10/turn

%: reflection
@: lethally poisoned (-2 -> -4), enlightened, flying, very slightly
contaminated, invisible
A: AC +5, unfitting armour, cold-blooded, big wings, poison resistance
a: no special abilities


You were on level 2 of the Dungeon.
You visited 1 branch of the dungeon, and saw 2 of its levels.

You collected 82 gold pieces.

Inventory:

Hand Weapons
 h - a +0 dagger (weapon)
Jewellery
 e - a ring of ice
 g - an amulet of reflection (around neck)
 l - an amulet of faith
Scrolls
 c - a scroll of enchant weapon {unknown}
 d - a scroll of fog {unknown}
 f - a scroll of poison {unknown}
 i - a scroll of vulnerability {unknown}
 k - a scroll of revelation {unknown}
 n - a scroll of identify {unknown}
 o - a scroll of teleportation {unknown}
 q - a scroll of amnesia {unknown}
 r - a scroll of immolation {unknown}
 s - a scroll of silence {unknown}
Potions
 b - a potion of enlightenment
 j - a potion of heal wounds {unknown}
 m - a potion of mutation
 p - a potion of invisibility


   Skills:
 + Level 0.8 Fighting
 + Level 2.0 Dodging
 + Level 2.1 Stealth
 + Level 2.2 Spellcasting
 * Level 1.7 Conjurations
 * Level 3.4 Fire Magic


You had 3 spell levels left.
You knew the following spells:

 Your Spells              Type           Power      Damage    Failure   Level
a - Foxfire               Conj/Fire      40%        2x1d6     7%          1
b - Scorch                Fire           26%        2d6       7%          2

Your spell library contained the following spells:

 Spells                   Type           Power      Damage    Failure   Level
 Inner Flame              Hex/Fire       7%         N/A       28%         3
 Volatile Blastmotes      Fire/Tloc      14%        2d11      28%         3
 Flame Wave               Conj/Fire      10%        2d6       54%         4


Dungeon Overview and Level Annotations

Branches:
Dungeon (2/15)

Altars:


Innate Abilities, Weirdness & Mutations

Your plain brown scales are hard. (AC +5)
You cannot fit into any form of body armour.
You are cold-blooded and may be slowed by cold attacks.
Your large and strong wings let you fly.
Your system is resistant to poisons. (rPois)


Message History

The gnoll's fire resistance burns away.
The gnoll hits you but does no damage.
You are poisoned.
You feel sick. The gnoll closely misses you.
Casting: Scorch (safe; 7% risk of failure)
Confirm with . or Enter, or press ? or * to list all spells.
You miscast Scorch.
You are very lightly contaminated with residual magic.
Nothing appears to happen.
You feel sick.
The gnoll hits you with a +2 whip of venom.
You are more poisoned.
It was a potion of enlightenment.
You feel very buoyant.
You fly up into the air.
You feel very sick. You block the gnoll's attack.
It was a potion of mutation.
You feel extremely strange.
Your wings grow larger and stronger.
You feel resistant to poisons.
You feel very sick.
The gnoll is no longer more vulnerable to fire.
You block the gnoll's attack.
It was a potion of invisibility.
You fade into invisibility!
You feel very sick. The gnoll barely misses you.
* * * LOW HITPOINT WARNING * * *
You feel sick.
* * * LOW HITPOINT WARNING * * *
You feel sick.
* * * LOW HITPOINT WARNING * * *
You feel sick.
* * * LOW HITPOINT WARNING * * *
You feel sick.
Casting: Scorch (safe; 7% risk of failure)
Confirm with . or Enter, or press ? or * to list all spells.
You conjure some foxfire!
* * * LOW HITPOINT WARNING * * *
You feel sick.
The gnoll shouts!
The gnoll hits you with a +2 whip of venom.
You die...

#.#
#.#
#.#
#.#
#.#
#.#
#.#
#[#
..#
#.#
#.#
#.#
#v#
#@#
#g#
#.#
#g#
#.#
#g#
#g#
#.#
#.#


You could see 4 gnolls.

Vanquished Creatures
  3 adders (D:2)
  A dart slug (D:2)
  A giant cockroach (D:1)
  A goblin (D:1)
  3 hobgoblins
  3 rats (D:1)
12 creatures vanquished.

Vanquished Creatures (others)
  58 foxfires
58 creatures vanquished.

Grand Total: 70 creatures vanquished

Notes
Turn   | Place    | Note
-------+----------+-------------------------------------------
     0 | D:1      | garrulousMonolith the Draconian Fire Elementalist began the
                  | quest for the Orb.
     0 | D:1      | Reached XP level 1. HP: 14/14 MP: 3/3
   829 | D:2      | Reached XP level 2. HP: 22/22 MP: 0/5
   832 | D:2      | Learned a level 2 spell: Scorch
  1064 | D:2      | Reached XP level 3. HP: 27/27 MP: 3/6
  1233 | D:2      | Gained mutation: Your large and strong wings let you fly.
                  | [potion of mutation]
  1233 | D:2      | Gained mutation: Your system is resistant to poisons.
                  | (rPois) [potion of mutation]
  1239 | D:2      | Slain by a gnoll

Illustrated notes

Levels and vault maps discovered:
D:1:      dpeg_arrival_round_b, layout_loops_ring, chequers_garden,
          nrook_mini_vaults, amethyst_killhole
D:2:      layout_basic, nicolae_shop_vocational

Skill      XL: |  1  2 |
---------------+-------+-----
Stealth        | 2 |  2.1
Dodging        | 2 |  2.0
Fighting       | |  0.8
Spellcasting   | |  2.2
Conjurations   | |  1.7
Fire Magic     | |  3.4

Action                     || total
---------------------------++-------
   Cast: Foxfire           ||    36
         Scorch            ||     1
    Use: Potion            ||     4
 Armour: Skin              ||     3
  Dodge: Dodged            ||     7
  Block: Other             ||     2

Table legend: (Time is in decaauts)
 A = Elapsed time spent in this place.
 B = Non-inter-level travel time spent in this place.
 C = Inter-level travel time spent in this place.
 D = Time resting spent in this place.
 E = Time spent auto-exploring this place.
 F = Levels seen in this place.
 G = Mean time per level.
                   A        B        C        D        E       F      G
               +--------+--------+--------+--------+--------+-----+--------+
         Total |   1238 |   1221 |     17 |      2 |   1052 |   2 |  619.0 |
       Dungeon |   1238 |   1221 |     17 |      2 |   1052 |   2 |  619.0 |
               +--------+--------+--------+--------+--------+-----+--------+

Top non-repeatable levels by time:
     D:1: 794 daAuts
     D:2: 443 daAuts
